 Dungeon Crawl Stone Soup version 0.30-a0-341-g682706514a (webtiles) character file.

Game seed: 15482446737110729689

14269 KennySheep the Thaumaturge (level 11, 0/85 HPs)
             Began as a Demigod Conjurer on Nov 1, 2022.
             Slain by a hornet (5 damage)
             ... while paralysed by a hornet
             ... on level 10 of the Dungeon.
             The game lasted 00:28:03 (11746 turns).

KennySheep the Thaumaturge (Demigod Conjurer)      Turns: 11746, Time: 00:28:04

Health: 0/85       AC:  8    Str:  8    XL:     11   Next: 56%
Magic:  3/39       EV:  2    Int: 32    God:
Gold:   483        SH:  0    Dex: 12    Spells: 22/31 levels left

rFire   . . .      SeeInvis .    a - +0 demon whip (venom)
rCold   . . .      Faith    .    (no shield)
rNeg    . . .      Spirit   .    C - +3 leather armour
rPois   .          Reflect  .    (no helmet)
rElec   .          Harm     .    x - +0 cloak
rCorr   .          Rampage  .    (no gloves)
Will    +....                    e - +0 pair of boots
Stlth   ++........               k - amulet of the acrobat
HPRegen 0.34/turn                g - ring of flight
MPRegen 0.26/turn                v - ring of magical power

@: paralysed, lethally poisoned (0 -> -6), flying, very slightly contaminated,
slowed
A: high MP 1, forlorn, divine attributes
a: no special abilities


You were on level 10 of the Dungeon.
You visited 1 branch of the dungeon, and saw 11 of its levels.

You collected 483 gold pieces.

Inventory:

Hand Weapons
 a - a +0 demon whip of venom (weapon)
Missiles
 H - 3 throwing nets
Armour
 e - a +0 pair of boots (worn)
 x - a +0 cloak (worn)
 C - a +3 leather armour (worn)
Magical Staves
 b - a staff of earth
Jewellery
 g - a ring of flight (left hand)
 k - an amulet of the acrobat (around neck)
 u - an amulet of reflection
 v - a ring of magical power (right hand)
 y - a ring of fire
Wands
 w - a wand of polymorph (27)
 B - a wand of iceblast (12)
 F - a wand of charming (5)
 G - a wand of digging (6)
Scrolls
 c - a scroll of noise {unknown}
 d - 2 scrolls of amnesia
 f - 2 scrolls of enchant weapon
 j - 2 scrolls of vulnerability
 l - 3 scrolls of butterflies
 m - 5 scrolls of teleportation
 o - a scroll of poison
 s - a scroll of magic mapping
 E - a scroll of torment
 I - a scroll of silence
 K - a scroll of identify
Potions
 h - a potion of magic
 i - 2 potions of flight {unknown}
 n - 5 potions of attraction
 p - 2 potions of berserk rage {unknown}
 q - a potion of might {unknown}
 r - a potion of resistance
 t - 4 potions of curing
 z - 3 potions of invisibility
 A - 2 potions of brilliance
 D - a potion of lignification {unknown}
 J - a potion of cancellation {unknown}
 L - a potion of haste {unknown}
 M - a potion of ambrosia {unknown}


   Skills:
 + Level 4.5 Fighting
 + Level 3.1 Staves
 + Level 3.4 Armour
 + Level 4.0 Dodging
 - Level 1.7 Stealth
 + Level 10.5 Spellcasting
 + Level 8.7 Conjurations
 + Level 7.8 Translocations
 + Level 3.0 Evocations


You had 22 spell levels left.
You knew the following spells:

 Your Spells              Type           Power      Damage    Failure   Level
a - Magic Dart            Conj           100%       1d8       1%          1
b - Searing Ray           Conj           100%       2d8       1%          2
c - Iskenderun's Mystic   Conj/Tloc      63%        2d13      1%          4
d - Blink                 Tloc           100%       N/A       1%          2

Your spell library contained the following spells:

 Spells                   Type           Power      Damage    Failure   Level
 Dazzling Flash           Conj/Hex       88%        N/A       1%          3
 Manifold Assault         Tloc           61%        N/A       1%          4
 Mephitic Cloud           Conj/Pois/Air  35%        N/A       3%          3
 Necrotise                Necr           64%        1d7       4%          1
 Summon Small Mammal      Summ           64%        N/A       4%          1
 Cigotuvi's Dreadful Rot  Necr/Pois/Air  32%        N/A       6%          2
 Poisonous Vapours        Pois/Air       32%        N/A       6%          2
 Fulminant Prism          Conj/Hex       22%        3d12      7%          4
 Call Canine Familiar     Summ           16%        N/A       12%         3
 Summon Guardian Golem    Hex/Summ       16%        N/A       12%         3
 Storm Form               Tmut/Air       8%         N/A       100%        7


Dungeon Overview and Level Annotations

Branches:
Dungeon (11/15)            Temple (0/1) D:5             Orc (0/2) D:9
   Lair: D:8-11

Shops:
D:4 [


Innate Abilities, Weirdness & Mutations

You have an increased reservoir of magic. (+10% MP)
You shall have no god before yourself.
Your divine heritage dramatically boosts your attributes as you level up.


Message History

Harold slams into the rock wall!
A hornet comes into view.
Casting: Iskenderun's Mystic Blast (mildly dangerous; 1% risk of failure)
Confirm with . or Enter, or press ? or * to list all spells.
You miscast Iskenderun's Mystic Blast.
You are very lightly contaminated with residual magic.
Nothing appears to happen.
Harold hits you with a +0 flail.
Casting: Iskenderun's Mystic Blast (mildly dangerous; 1% risk of failure)
Confirm with . or Enter, or press ? or * to list all spells.
You erupt in a blast of force!
The mystic blast hits Harold!
Harold is almost dead.
Harold is knocked back by the mystic blast.
Harold slams into the rock wall!
Harold is almost dead.
Casting: Iskenderun's Mystic Blast (mildly dangerous; 1% risk of failure)
Confirm with . or Enter, or press ? or * to list all spells.
You erupt in a blast of force!
The mystic blast hits Harold!
You kill Harold!
Your Dodging skill increases to level 4!
Your Evocations skill increases to level 3!
You shred the net and break free!
Casting: Iskenderun's Mystic Blast (mildly dangerous; 1% risk of failure)
Confirm with . or Enter, or press ? or * to list all spells.
You erupt in a blast of force!
The mystic blast hits the hornet but does no damage.
The hornet stings you!
* * * LOW HITPOINT WARNING * * *
You feel yourself slow down.
Okay, then.
As you read the scroll of butterflies, it crumbles to dust.
You hear the tinkle of a tiny bell.
The hornet stings you.
* * * LOW HITPOINT WARNING * * *
You suddenly lose the ability to move!
The hornet stings you!
* * * LOW HITPOINT WARNING * * *
You are lethally poisoned!
You feel as though you will be slow longer.
You are no longer corroded.
* * * LOW HITPOINT WARNING * * *
You feel sick. The hornet stings you.
You die...

...........# ##.##
#.......# ...........#
### #<.......
...........# #..#....#
...........# #..#>..##
..[....(.## ##.....##.
...D...#..#
#######....####.
.....####b####bb..##...##
#.. ...# #bb#bbbbbb.#..##
##.. ## ##by@bbbb.....#
#... #bb#bbbb[....# ##..#
##b.bb.b##...###...#
#bb.b.bbb..........#
##bb###b....#####....
##bb####b...## ###..
##..####....## #..
#..####....## ##.
##.####....## #.


You could see a hornet (ally target).

Vanquished Creatures
  Harold (D:10)
  2 two-headed ogres
  Amaemon (D:9)
  Pikel (D:9)
  A deep elf pyromancer (D:9)
  Joseph (D:9)
  An orange demon (D:9)
  Psyche (D:8)
  A troll (D:8)
  A wraith (D:10)
  4 yaks
  2 steam dragons
  Menkaure (D:7)
  2 acid dragons
  2 water moccasins
  5 orc warriors
  2 black bears
  2 ice beasts
  2 ogres
  A sky beast (D:7)
  2 centaurs
  2 lemures (D:9)
  2 phantoms (D:6)
  3 kobold brigands
  A necrophage (D:6)
  A bullfrog (D:9)
  4 scorpions
  2 gnoll sergeants
  9 wights
  A killer bee (D:9)
  2 howler monkeys (D:9)
  5 orc priests
  4 hounds
  4 jellies
  Crazy Yiuf (D:7)
  3 gnoll boudas
  5 iguanas
  5 orc wizards
  10 gnolls
  6 adders
  3 shadow imps (D:7)
  A white imp (D:8)
  An ufetubus (D:6)
  4 worms
  39 orcs
  3 endoplasms
  4 giant cockroaches
  4 goblins
  8 hobgoblins
  9 jackals
  12 kobolds
  2 quokkas
  6 ball pythons
  A bat (D:1)
  6 frilled lizards
  4 rats
213 creatures vanquished.

Vanquished Creatures (others)
  6 fungi (D:7)
  12 plants (D:8)
  4 toadstools (D:3)
22 creatures vanquished.

Grand Total: 235 creatures vanquished

Notes
Turn   | Place    | Note
-------+----------+-------------------------------------------
     0 | D:1      | KennySheep the Demigod Conjurer began the quest for the
                  | Orb.
     0 | D:1      | Reached XP level 1. HP: 14/14 MP: 5/5
   332 | D:1      | Reached XP level 2. HP: 20/20 MP: 5/7
   335 | D:1      | Learned a level 2 spell: Searing Ray
   428 | D:1      | Reached skill level 1 in Translocations
   715 | D:1      | Reached skill level 2 in Spellcasting
  1681 | D:2      | Reached XP level 3. HP: 26/26 MP: 2/8
  3064 | D:4      | Noticed a black bear
  3300 | D:4      | Reached XP level 4. HP: 33/33 MP: 4/10
  3513 | D:4      | Killed a black bear
  3514 | D:4      | Reached XP level 5. HP: 38/38 MP: 1/11
  3588 | D:4      | Found Hopt's Armour Shop.
  3794 | D:4      | Reached skill level 5 in Conjurations
  3835 | D:4      | Learned a level 4 spell: Iskenderun's Mystic Blast
  4274 | D:4      | Reached XP level 6. HP: 45/45 MP: 6/13
  4340 | D:4      | Reached skill level 3 in Spellcasting
  4463 | D:5      | Entered Level 5 of the Dungeon
  4708 | D:5      | Found a staircase to the Ecumenical Temple.
  5026 | D:5      | Reached XP level 7. HP: 46/50 MP: 14/15
  5539 | D:6      | Learned a level 2 spell: Blink
  5801 | D:6      | Reached skill level 5 in Translocations
  5978 | D:6      | Reached skill level 4 in Spellcasting
  5978 | D:6      | Reached XP level 8. HP: 43/58 MP: 14/17
  6133 | D:6      | Reached skill level 1 in Fighting
  7520 | D:7      | Reached XP level 9. HP: 62/68 MP: 19/19
  7638 | D:7      | Reached skill level 1 in Armour
  7638 | D:7      | Reached skill level 5 in Spellcasting
  7886 | D:7      | Noticed Menkaure
  7893 | D:7      | Killed Menkaure
  8283 | D:7      | Found a runed translucent door.
  8284 | D:7      | Noticed Crazy Yiuf
  8292 | D:7      | Killed Crazy Yiuf
  8691 | D:8      | Reached skill level 1 in Staves
  8772 | D:8      | Noticed Psyche
  8783 | D:8      | Reached skill level 1 in Evocations
  8784 | D:8      | Killed Psyche
  9131 | D:8      | Got Kikubaaqudgha's Collected Works on Unholy Mysteries
  9237 | D:8      | Noticed a two-headed ogre
  9242 | D:8      | Killed a two-headed ogre
  9243 | D:8      | Reached skill level 6 in Spellcasting
  9243 | D:8      | Reached XP level 10. HP: 78/78 MP: 18/22
  9494 | D:9      | Reached skill level 10 in Spellcasting
  9494 | D:9      | Reached XP level 11. HP: 83/83 MP: 29/29
  9593 | D:9      | Noticed Amaemon
  9602 | D:9      | Killed Amaemon
  9609 | D:9      | Noticed Pikel
  9741 | D:9      | Killed Pikel
  9941 | D:9      | Noticed a deep elf pyromancer
  9945 | D:9      | Killed a deep elf pyromancer
 10461 | D:9      | Found a staircase to the Orcish Mines.
 10775 | D:9      | Noticed a two-headed ogre
 10779 | D:9      | Killed a two-headed ogre
 10933 | D:9      | Noticed Joseph
 10944 | D:9      | Killed Joseph
 11110 | D:10     | Entered Level 10 of the Dungeon
 11586 | D:10     | You are sucked into a shaft and drop 1 floor!
 11723 | D:10     | Noticed Harold
 11742 | D:10     | Killed Harold
 11745 | D:10     | Paralysed by a hornet for 3 turns
 11746 | D:10     | Slain by a hornet

Illustrated notes

Levels and vault maps discovered:
D:1:      sevenhm_arrival_forest_fort_large_3, layout_basic, solitary_fountain
D:2:      layout_loops_ring
D:3:      layout_loops_ring, chequers_temple_overflow_statue_of_worship,
          basic_ecumenical_altar, chequers_big_river, minmay_gold_behind_fungi
D:4:      layout_basic, serial_shops, nicolae_diamond_shop
D:5:      layout_loops_ring, minmay_temple_entry_statues_fountains
D:6:      layout_loops_ring, mainiacjoe_overflow_large_starburst,
          minmay_hedge_maze, roderic_roman_lattice
D:7:      minmay_razor_zed, layout_cave_pods, uniq_menkaure,
          uniq_crazy_yiuf_cottage
D:8:      layout_basic, nicolae_hepliaklqana_hazy_memory,
          grunt_temple_overflow_magic_moments, st_stairs_3, uniq_psyche
D:9:      layout_layer_cave, overflow_temple_1_default,
          mainiacjoe_overflow_swirl, minmay_orc_entry_temple_small,
          minmay_fractal_squares_gapless_5, uniq_joseph, uniq_amaemon,
          uniq_pikel
D:10:     layout_cave_pods, nrook_uturn, uniq_harold
D:11:     layout_roguey [special_room_orc], david_lair_shrubbed, serial_rivers,
          chequers_serial_rivers_room_b, chequers_serial_rivers_marsh,
          chequers_serial_rivers_room_a, chequers_serial_rivers_small_a,
          chequers_serial_rivers_micro_c

Skill      XL: |  1  2  3  4  5  6  7  8  9 10 11 |
---------------+----------------------------------+-----
Translocations | 1 2 3 4 5 6 7 |  7.8
Spellcasting   | 2 3 4 6 10 | 10.5
Conjurations   | 4 5 6 7 8 |  8.7
Fighting       | 2 3 4 |  4.5
Dodging        | 3 4 |  4.0
Armour         | 2 3 |  3.4
Staves         | 1 3 |  3.1
Evocations     | 1 3 |  3.0
Stealth        | |  1.7

Action                   |  1- 3 |  4- 6 |  7- 9 | 10-12 || total
-------------------------+-------+-------+-------+-------++-------
Melee: Unarmed           |    27 |       |       |       ||    27
       Dagger            |       |       |     9 |       ||     9
       Quarterstaff      |       |       |     2 |       ||     2
       Demon whip        |       |       |       |    17 ||    17
 Cast: Magic Dart        |    99 |    35 |       |     5 ||   139
       Searing Ray       |     5 |    22 |    25 |     1 ||    53
       Iskenderun's Myst |       |       |    71 |    51 ||   122
  Use: Scroll            |     4 |       |     4 |     6 ||    14
       Potion            |     1 |       |     1 |     2 ||     4
Armor: Robe              |    11 |     5 |     2 |       ||    18
       Leather armour    |       |       |    20 |     7 ||    27
Dodge: Dodged            |    32 |    30 |    52 |    35 ||   149

Table legend: (Time is in decaauts)
 A = Elapsed time spent in this place.
 B = Non-inter-level travel time spent in this place.
 C = Inter-level travel time spent in this place.
 D = Time resting spent in this place.
 E = Time spent auto-exploring this place.
 F = Levels seen in this place.
 G = Mean time per level.
                   A        B        C        D        E       F      G
               +--------+--------+--------+--------+--------+-----+--------+
         Total |  11744 |  11278 |    466 |   1362 |   8565 |  11 | 1067.6 |
       Dungeon |  11744 |  11278 |    466 |   1362 |   8565 |  11 | 1067.6 |
               +--------+--------+--------+--------+--------+-----+--------+

Top non-repeatable levels by time:
     D:7: 1744 daAuts
     D:9: 1538 daAuts
     D:6: 1248 daAuts
     D:4: 1239 daAuts
     D:8: 1175 daAuts
     D:1: 1146 daAuts
     D:3: 1038 daAuts
     D:2: 1038 daAuts
     D:5: 938 daAuts
    D:10: 628 daAuts
    D:11: 7 daAuts
